 Dungeon Crawl Stone Soup version 0.29-a0-824-gd827844252 (webtiles) character file.

Game seed: 18320497404024226720

11290 raph the Destroyer (level 11, -6/80 (89) HPs)
             Began as a White Draconian Fire Elementalist on July 9, 2022.
             Was a Priest of Sif Muna.
             Mangled by a spectral orc warrior
             ... wielding a +0 halberd of venom
             ... summoned by Nergalle
              (8 damage)
             ... on level 1 of the Lair of Beasts.
             The game lasted 00:25:08 (15876 turns).

raph the Destroyer (DrFE)                          Turns: 15876, Time: 00:25:09

HP:   -6/80 (89)    AC: 10    Str: 11    XL:     11   Next: 47%
MP:   19/20         EV: 14    Int: 26    God:    Sif Muna [***...]
Gold: 392           SH:  0    Dex: 11    Spells: 4/22 levels left

rFire   + . .      SeeInvis .   g - staff of fire
rCold   + . .      Faith    +   (no shield)
rNeg    . . .      Spirit   .   (body armour unavailable)
rPois   .          Reflect  .   (helmet restricted)
rElec   .          Harm     .   q - +0 cloak
rCorr   .          Rampage  .   (no gloves)
Will    .....                   s - +1 pair of boots
Stlth   +++.......              B - amulet of faith
HPRegen 0.23/turn               e - +6 ring of intelligence
MPRegen 0.17/turn               (no ring)

@: lethally poisoned (-6 -> -9), short of breath, heavily drained
A: breathe frost, AC +7, unfitting armour, cold resistance 1, cold-blooded
a: Breathe Frost, Renounce Religion, Channel Magic, Forget Spell


You were on level 1 of the Lair of Beasts.
You worshipped Sif Muna.
Sif Muna was most pleased with you.
You visited 3 branches of the dungeon, and saw 12 of its levels.
You also visited: Bailey.

You collected 452 gold pieces.
You spent 60 gold pieces at shops.

Inventory:

Hand Weapons
 j - a +0 hand axe
Missiles
 r - 2 throwing nets
 y - 5 boomerangs
Armour
 q - a +0 cloak (worn)
 s - a +1 pair of boots (worn)
Magical Staves
 g - a staff of fire (weapon)
Jewellery
 e - a +6 ring of intelligence (left hand)
 B - an amulet of faith (around neck)
Wands
 h - a wand of paralysis (3)
 m - a wand of iceblast (19)
 u - a wand of digging (6)
 v - a wand of acid (22)
 E - a wand of polymorph (3)
 H - a wand of flame (12)
Scrolls
 i - 3 scrolls of immolation
 k - 3 scrolls of teleportation
 z - a scroll of amnesia
 C - a scroll of fear
 D - 2 scrolls of enchant weapon
 F - a scroll of blinking
Potions
 a - 3 potions of magic
 b - 5 potions of haste
 c - 5 potions of might
 d - 10 potions of curing
 f - 3 potions of resistance
 l - 2 potions of mutation
 n - a potion of attraction
 o - 2 potions of flight
 p - 5 potions of invisibility
 t - 2 potions of brilliance
 w - a potion of experience {unknown}
 x - 7 potions of heal wounds
 A - a potion of cancellation


   Skills:
 + Level 6.0 Fighting
 * Level 2.8 Staves
 + Level 6.3 Dodging
 + Level 6.9 Stealth
 + Level 6.4 Spellcasting
 * Level 9.6 Conjurations
 - Level 3.7 Transmutations
 - Level 6.1 Fire Magic
 * Level 3.2 Invocations


You had 4 spell levels left.
You knew the following spells:

 Your Spells              Type           Power      Damage    Failure   Level
a - Foxfire               Conj/Fire      100%       2x1d9     1%          1
b - Scorch                Fire           100%       2d10      1%          2
c - Conjure Flame         Conj/Fire      65%        6-21      1%          3
d - Inner Flame           Hex/Fire       36%        N/A       5%          3
e - Flame Wave            Conj/Fire      65%        2d12      2%          4
f - Irradiate             Conj/Tmut      21%        3d20      12%         5

Your spell library contained the following spells:

 Spells                   Type           Power      Damage    Failure   Level
 Wereblood                Tmut           28%        N/A       2%          2
 Sublimation of Blood     Necr           8%         N/A       10%         2
 Gell's Gravitas          Tloc           8%         N/A       21%         3
 Lesser Beckoning         Tloc           8%         N/A       21%         3
 Teleport Other           Tloc           8%         N/A       21%         3
 Petrify                  Tmut/Erth      18%        N/A       30%         4
 Airstrike                Air            4%         0-3+      54%         4
 Summon Lightning Spire   Summ/Air       8%         N/A       54%         4
 Lightning Bolt           Conj/Air       16%        1d30      26%         5
 Summon Hydra             Summ           4%         N/A       100%        7


Dungeon Overview and Level Annotations

Branches:
Dungeon (10/15)            Temple (1/1) D:6            Lair (1/6) D:10
 Bailey (visited)
    Orc: D:9-12

Altars:
Ashenzari
Cheibriados
Dithmenos
Elyvilon
Fedhas
Gozag
Hepliaklqana
Kikubaaqudgha
Nemelex Xobeh
Okawaru
Qazlal
Ru
Sif Muna
Trog
Uskayaw
Vehumet
Wu Jian
Xom
Yredelemnul
Zin
The Shining One

Shops:
D:6 *

Annotations:
Temple 2 transporters
Lair:1 Nergalle


Innate Abilities, Weirdness & Mutations

You can breathe waves of freezing cold which knock back foes.
Your icy white scales are hard. (AC +7)
You cannot fit into any form of body armour.
Your flesh is cold resistant. (rC+)
You are cold-blooded and may be slowed by cold attacks.


Message History

The spectral orc warrior hits you with a +0 dire flail!
Aiming: Breathe Frost (3% risk of failure)
Press: ? - help, Shift-Dir - straight line, f - spectral orc
Aim: a spectral orc, wielding a +4 dagger of electrocution and wearing a +0 ring mail (summoned, 93% to hit)
You exhale a wave of freezing cold.
The freezing breath hits the spectral orc.
The spectral orc resists.
The spectral orc is almost destroyed.
The spectral orc is blown backwards by the freezing wind.
You feel very sick. Nergalle barely misses you.
The spectral orc warrior closely misses you.
The spectral orc warrior hits you with a +0 dire flail.
You can't do that yet.
You closely miss Nergalle.
You tail-slap Nergalle, but do no damage.
Nergalle is heavily wounded.
You feel sick. Nergalle hits you but does no damage.
The spectral orc warrior hits you with a +0 dire flail!
The spectral orc warrior barely misses you.
You closely miss Nergalle.
You tail-slap Nergalle, but do no damage.
Nergalle is heavily wounded.
You feel sick.
Nergalle is no longer more vulnerable to fire.
The spectral orc misses you. Nergalle hits you with a +0 dagger.
The spectral orc warrior barely misses you. x2
Casting: Scorch (safe; 1% risk of failure)
Confirm with . or Enter, or press ? or * to list all spells.
You feel a surge of power!
You conjure some foxfire!
You feel less invigorated.
You feel sick.
The spectral orc hits you with a +4 dagger of electrocution.
Nergalle points at you and mumbles some strange words.
The bolt of negative energy hits you!!!
You feel drained.
Ouch! That really hurt!
* * * LOW HITPOINT WARNING * * *
The bolt of negative energy hits the spectral orc.
The spectral orc completely resists.
The spectral orc warrior hits you from afar with a +0 halberd of venom!
You die...

#............................
#...##..#.#.^................
#P...###.# ##....P.#(####.....
#....P#..## #....#####........
#P........# #....##^....+.....
##...#.#..###....##....##.....
#...##.....Z....##.... P.....
#...##....#vZ...##.## #..... .
#P#>.##@Z..## #.....
###.##.ov...... ......
....#........ .....
........>..... ..... .........
................ .###
.#........ ###.....!..


You could see Nergalle (ally target), a spectral orc (summoned, distracted) and
2 spectral orc warriors.

Vanquished Creatures
  3 two-headed ogres
  A rime drake (Lair:1)
  2 trolls
  A wraith (D:10)
  6 spriggans (Bailey)
  16 yaks
  A wyvern (Lair:1)
  3 basilisks (D:10)
  2 steam dragons
  2 acid dragons
  6 water moccasins
  4 black bears
  2 sky beasts
  An ice beast (D:6)
  4 ogres
  3 centaurs (D:9)
  2 wolves (D:10)
  A phantom (D:5)
  2 elf zombies (D:7)
  A necrophage (D:6)
  5 bullfrogs
  A scorpion (D:4)
  7 wights
  8 killer bees (D:9)
  3 electric eels (D:10)
  3 howler monkeys
  5 hounds
  A human zombie (D:7)
  2 jellies
  2 gnoll boudas
  2 orc priests (D:10)
  A human skeleton (D:7)
  8 orc wizards
  2 iguanas
  10 gnolls
  5 adders
  4 white imps
  An ufetubus (D:6)
  2 worms
  4 dart slugs
  29 orcs
  6 ball pythons
  4 endoplasms
  4 giant cockroaches
  6 goblins
  6 hobgoblins
  4 quokkas
  7 bats
  A frilled lizard (D:1)
  3 kobolds
  2 orc skeletons (D:7)
  A rat (D:2)
212 creatures vanquished.

Vanquished Creatures (collateral kills)
  3 foxfires (D:10)
3 creatures vanquished.

Vanquished Creatures (others)
  A bush (D:10)
  928 foxfires
  6 fungi
  28 plants
963 creatures vanquished.

Grand Total: 1178 creatures vanquished

Notes
Turn   | Place    | Note
-------+----------+-------------------------------------------
     0 | D:1      | raph the Draconian Fire Elementalist began the quest for
                  | the Orb.
     0 | D:1      | Reached XP level 1. HP: 14/14 MP: 3/3
   339 | D:1      | Found a faded altar of an unknown god.
   407 | D:1      | Reached XP level 2. HP: 20/20 MP: 0/5
   465 | D:1      | Learned a level 2 spell: Scorch
   762 | D:2      | Identified a scroll of acquirement
   762 | D:2      | Acquired a staff of fire
  1318 | D:2      | Reached XP level 3. HP: 21/26 MP: 0/6
  1322 | D:2      | Learned a level 3 spell: Conjure Flame
  1700 | D:3      | Reached skill level 2 in Conjurations
  2525 | D:3      | Reached XP level 4. HP: 33/33 MP: 2/7
  3186 | D:3      | Reached XP level 5. HP: 38/38 MP: 3/8
  3191 | D:3      | Learned a level 3 spell: Inner Flame
  3821 | D:4      | Reached skill level 3 in Conjurations
  4386 | D:5      | Entered Level 5 of the Dungeon
  4435 | D:5      | Reached XP level 6. HP: 45/45 MP: 7/10
  5217 | D:5      | Noticed a water moccasin
  5224 | D:5      | Killed a water moccasin
  5225 | D:5      | Reached skill level 4 in Conjurations
  5225 | D:5      | Reached skill level 5 in Fire Magic
  5225 | D:5      | Your scales start taking on an icy white colour.
  5225 | D:5      | Reached XP level 7. HP: 50/50 MP: 3/11
  5225 | D:5      | Gained mutation: Your flesh is cold resistant. (rC+) [White
                  | Draconian growth]
  6075 | D:5      | Identified the +3 scale mail of Vampiric Thralls {Rampage
                  | Will+ Str+9 Dex-5}
  6120 | D:6      | Learned a level 4 spell: Flame Wave
  6130 | D:6      | Found a staircase to the Ecumenical Temple.
  6144 | Temple   | Entered the Ecumenical Temple
  6144 | Temple   | Found a transporter.
  6144 | Temple   | Found a transporter.
  6271 | Temple   | Found a transporter.
  6271 | Temple   | Found a transporter.
  6281 | Temple   | Became a worshipper of Sif Muna the Loreminder
  6408 | D:6      | Found Oshyesso's Assorted Antiques.
  6427 | D:6      | Reached XP level 8. HP: 49/57 MP: 5/13
  6430 | D:6      | Reached skill level 5 in Conjurations
  6497 | D:6      | Bought a scroll of identify for 60 gold pieces
  6518 | D:6      | Reached skill level 5 in Fire Magic
  7051 | D:6      | Found a white marble altar of Elyvilon.
  7093 | D:6      | Found a hazy altar of Hepliaklqana.
  7430 | D:7      | Found a flagged portal.
  7474 | Bailey   | Entered a bailey
  7612 | Bailey   | Reached skill level 1 in Fighting
  7683 | Bailey   | Reached skill level 6 in Conjurations
  7732 | Bailey   | Noticed a two-headed ogre
  7753 | Bailey   | Reached XP level 9. HP: 13/68 MP: 6/15
  7757 | Bailey   | Killed a two-headed ogre
  7758 | Bailey   | Reached skill level 5 in Stealth
  7816 | Bailey   | Reached skill level 7 in Conjurations
  7881 | Bailey   | Reached skill level 5 in Spellcasting
  8424 | D:7      | Reached * piety under Sif Muna
  8425 | D:7      | Reached skill level 5 in Dodging
  9619 | D:7      | Found a shadowy altar of Dithmenos.
  9894 | D:8      | Reached XP level 10. HP: 78/78 MP: 5/18
 10136 | D:8      | Reached skill level 8 in Conjurations
 10514 | D:8      | Learned a level 5 spell: Irradiate
 10850 | D:8      | Noticed a two-headed ogre
 10861 | D:8      | Killed a two-headed ogre
 10862 | D:8      | Reached skill level 1 in Transmutations
 11641 | D:9      | Reached skill level 5 in Fighting
 11714 | D:10     | Entered Level 10 of the Dungeon
 11919 | D:10     | Reached ** piety under Sif Muna
 11936 | D:10     | Reached skill level 9 in Conjurations
 12344 | D:10     | Reached XP level 11. HP: 88/88 MP: 12/20
 12554 | D:10     | Found a staircase to the Lair.
 12905 | D:10     | Reached skill level 1 in Staves
 12905 | D:10     | Reached skill level 1 in Invocations
 14230 | D:9      | Noticed a two-headed ogre
 14247 | D:9      | Killed a two-headed ogre
 15048 | D:9      | Reached *** piety under Sif Muna
 15664 | Lair:1   | Entered Level 1 of the Lair of Beasts
 15858 | Lair:1   | Noticed Nergalle
 15876 | Lair:1   | HP: 2/80 [Nergalle/bolt of negative energy (46)]
 15876 | Lair:1   | Mangled by a spectral orc warrior

Illustrated notes

Levels and vault maps discovered:
D:1:      co_arrival_square_in_a_square_in_a_square, layout_basic,
          hellmonk_ecumenical_altar_inner_sanctum
D:2:      layout_loops_ring, nicolae_figureground_sparkle
D:3:      layout_rooms
D:4:      layout_loops_corners
D:5:      layout_rooms
D:6:      layout_basic, mainiacjoe_overflow_catwalk_spiral,
          minmay_temple_entry_mini_moons, serial_shops, nicolae_diamond_shop
D:7:      layout_loops_ring, mainiacjoe_overflow_alcove_2, enter_bailey_4,
          nicolae_ossuary_entry_catacombs
D:8:      layout_layer_cave
D:9:      layout_basic, wad_floor_pattern_1, fungi_pond_lemuel, st_stairs_2
D:10:     layout_cave_pools, minmay_lair_entry_grove, fungi_pond_lemuel,
          serial_bayou_lagoon_b
Temple:   hellmonk_temple_divided_pantheon
Lair:1:   layout_regular_city, hibernation_bobbens, uniq_amaemon, uniq_nergalle

Skill      XL: |  1  2  3  4  5  6  7  8  9 10 11 |
---------------+----------------------------------+-----
Stealth        | 2 3 4 5 6 |  6.9
Dodging        | 2 3 4 5 6 |  6.3
Conjurations   | 2 3 4 6 7 9 |  9.6
Fire Magic     | 4 4 5 6 |  6.1
Spellcasting   | 3 4 5 6 |  6.4
Fighting       | 2 4 5 6 |  6.0
Transmutations | 3 |  3.7
Staves         | 2 |  2.8
Invocations    | 3 |  3.2

Action                   |  1- 3 |  4- 6 |  7- 9 | 10-12 || total
-------------------------+-------+-------+-------+-------++-------
Melee: Unarmed           |     2 |       |       |       ||     2
       Staff             |    14 |     2 |     9 |    19 ||    44
       Tailslap          |     3 |       |     2 |     3 ||     8
       Hand axe          |     1 |       |       |       ||     1
 Cast: Foxfire           |    75 |    78 |   180 |   219 ||   552
       Scorch            |     8 |     8 |    14 |    32 ||    62
       Conjure Flame     |       |     1 |       |     2 ||     3
       Flame Wave        |       |       |     3 |    10 ||    13
       Inner Flame       |       |       |     3 |     3 ||     6
Invok: Channel Magic     |       |       |       |     1 ||     1
 Abil: Breathe Frost     |       |       |     6 |    14 ||    20
  Use: Scroll            |     4 |     6 |     8 |     7 ||    25
       Potion            |       |       |     2 |       ||     2
Armor: Skin              |    16 |     9 |    43 |    70 ||   138
Dodge: Dodged            |    21 |    16 |    65 |    99 ||   201

Table legend: (Time is in decaauts)
 A = Elapsed time spent in this place.
 B = Non-inter-level travel time spent in this place.
 C = Inter-level travel time spent in this place.
 D = Time resting spent in this place.
 E = Time spent auto-exploring this place.
 F = Levels seen in this place.
 G = Mean time per level.
                   A        B        C        D        E       F      G
               +--------+--------+--------+--------+--------+-----+--------+
         Total |  15945 |  15556 |    389 |   7372 |   6032 |  13 | 1226.5 |
       Dungeon |  14855 |  14475 |    380 |   6696 |   5874 |  10 | 1485.5 |
        Temple |    158 |    149 |      9 |    125 |      0 |   1 |  158.0 |
          Lair |    211 |    211 |      0 |     77 |     90 |   1 |  211.0 |
        Bailey |    719 |    719 |      0 |    474 |     68 |   1 |  719.0 |
               +--------+--------+--------+--------+--------+-----+--------+

Top non-repeatable levels by time:
    D:10: 2726 daAuts
     D:7: 2147 daAuts
     D:4: 1791 daAuts
     D:9: 1601 daAuts
     D:2: 1381 daAuts
     D:8: 1355 daAuts
     D:3: 1188 daAuts
     D:5: 1075 daAuts
     D:6: 829 daAuts
     D:1: 756 daAuts
  Bailey: 719 daAuts
  Lair:1: 211 daAuts
  Temple: 158 daAuts
